 Dungeon Crawl Stone Soup version 0.22.1 (webtiles) character file.

123 CrazyArbalest the Bolt Thrower (level 5, 0/41 HPs)
             Began as a Barachi Hunter on Sept 17, 2018.
             Was an Initiate of Okawaru.
             Slain by a centaur (4 damage)
             ... on level 3 of the Dungeon.
             The game lasted 00:13:35 (3016 turns).

CrazyArbalest the Bolt Thrower (Barachi Hunter)     Turns: 3016, Time: 00:13:36

Health: 0/41       AC:  6    Str: 14    XL:     5   Next: 7%
Magic:  5/5        EV: 11    Int: 16    God:    Okawaru [......]
Gold:   130        SH:  0    Dex: 13    Spells: 4/4 levels left

rFire    . . .     SeeInvis .   b - +1 hand crossbow
rCold    . . .     Gourm    .   (no shield)
rNeg     . . .     Faith    .   r - +0 ring mail
rPois    .         Spirit   .   p - +0 helmet
rElec    .         Reflect  .   (no cloak)
rCorr    .         Harm     .   (no gloves)
MR       .....                  (no boots)
Stlth    +.........             (no amulet)
HPRegen  0.13/turn              (no ring)
MPRegen  0.09/turn              (no ring)

@: brilliant, slow
A: +LOS, swims, slowness 1, strong legs 1
a: Hop, Renounce Religion


You were on level 3 of the Dungeon.
You worshipped Okawaru.
Okawaru was noncommittal.
You were not hungry.

You visited 1 branch of the dungeon, and saw 3 of its levels.

You collected 130 gold pieces.

Inventory:

Hand Weapons
 a - a +0 short sword
 b - a +1 hand crossbow (weapon)
Missiles
 d - 24 bolts (quivered)
Armour
 c - a +0 leather armour
 p - a +0 helmet (worn)
 r - a +0 ring mail (worn)
Scrolls
 g - a scroll of enchant armour {unknown}
 k - a scroll of fear {unknown}
 l - a scroll of fog {unknown}
 n - a scroll of teleportation {unknown}
 s - 2 scrolls of amnesia {unknown}
Potions
 e - a potion of haste {unknown}
 h - 3 potions of might {unknown}
 i - a potion of curing {unknown}
 j - 2 potions of brilliance
 m - a potion of magic {unknown}
 q - a potion of cancellation {unknown}
 t - 2 potions of heal wounds {unknown}
 u - a potion of degeneration {unknown}
Comestibles
 f - 7 rations
 o - 8 chunks of flesh


   Skills:
 + Level 3.2 Fighting
 + Level 2.2 Short Blades
 * Level 4.8 Crossbows
 + Level 2.0 Armour
 + Level 2.6 Dodging
 + Level 0.8 Stealth


You had 4 spell levels left.
You didn't know any spells.
Your spell library contained the following spells:

 Spells                   Type           Power        Failure   Level  Hunger
 Magic Dart               Conj           #...         6%          1    ##.....
 Blink                    Tloc           N/A          9%          2    ###....
 Call Imp                 Summ           #.......     9%          2    ###....
 Slow                     Hex            #.......     9%          2    ###....
 Conjure Flame            Conj/Fire      #.......     16%         3    ####...
 Mephitic Cloud           Conj/Pois/Air  #.......     16%         3    ####...


Dungeon Overview and Level Annotations

Branches:
Dungeon (3/15)

Altars:
Gozag
Okawaru
Ru
Trog

Shops:
D:2 *


Innate Abilities, Weirdness & Mutations

Shadows flee at your approach. (+LOS)
You can swim through water.
You cover ground slowly.
You can hop short distances.


Message History

Press: ? - help, Shift-Dir - straight line, f/p - centaur
Aim: a centaur (heavily wounded)
You shoot a bolt. The bolt hits the centaur!
The centaur is almost dead.
The centaur misses you. The kobold barely misses you.
The centaur hits you but does no damage.
Firing (i - inventory)
d - 25 bolts (quivered)
Press: ? - help, Shift-Dir - straight line, f/p - centaur
Aim: a centaur (severely wounded)
You shoot a bolt. The bolt hits the centaur.
The centaur is almost dead.
The centaur hits you.
* * * LOW HITPOINT WARNING * * *
The kobold closely misses you. The centaur hits you.
* * * LOW HITPOINT WARNING * * *
The kobold hits you but does no damage.
It was a potion of brilliance.
You feel clever all of a sudden. The centaur hits you.
You die...

...# #.# ... ...# #.# ...r..
...# #.#### .......
...###....# #### ......#
..........# ... ......#
....#.....###.# ###......
###.........#.# ##.....####
..............####..........
#..............(@co.....(.(.
###............##KK(..$.....
.###.#......#....r..........
.###.#......#...............
.#...........<..............
......#.....###.#...........
............................
................##..........
............................


You could see a centaur, an orc, 2 kobolds and a rat.

Vanquished Creatures
  Robin (D:2)
  4 gnolls (D:3)
  An ooze (D:1)
  A dart slug (D:1)
  2 leopard geckos
  An orc (D:2)
  A giant cockroach (D:1)
  16 goblins
  7 hobgoblins
  2 jackals (D:1)
  6 bats
  6 frilled lizards
  6 kobolds
  8 rats
  2 plants
64 creatures vanquished.

Notes
Turn   | Place    | Note
-------+----------+-------------------------------------------
     0 | D:1      | CrazyArbalest the Barachi Hunter began the quest for the
                  | Orb.
     0 | D:1      | Reached XP level 1. HP: 17/17 MP: 1/1
   461 | D:1      | Reached XP level 2. HP: 22/23 MP: 2/2
   802 | D:1      | Reached XP level 3. HP: 25/28 MP: 3/3
  1098 | D:1      | Reached skill level 1 in Short Blades
  1405 | D:2      | Found a bloodstained altar of Trog.
  1608 | D:2      | Found Gozag's Platinum Reserve.
  1609 | D:2      | Found an opulent altar of Gozag.
  1609 | D:2      | Noticed Robin
  1695 | D:2      | Reached skill level 1 in Armour
  1730 | D:2      | Killed Robin
  1730 | D:2      | Reached XP level 4. HP: 9/35 MP: 4/4
  2015 | D:2      | Found an iron altar of Okawaru.
  2020 | D:2      | Became a worshipper of Warmaster Okawaru
  2457 | D:2      | Found a sacrificial altar of Ru.
  2924 | D:3      | Reached XP level 5. HP: 16/41 MP: 5/5
  2997 | D:3      | Noticed a centaur
  3016 | D:3      | Slain by a centaur

Skill      XL: |  1  2  3  4 |
---------------+-------------+-----
Short Blades   | 1 2 |  2.2
Armour         | 1 2 |  2.0
Fighting       | 3 |  3.2
Crossbows      | |  4.8
Dodging        | |  2.6
Stealth        | |  0.8

Action                   |  1- 3 |  4- 6 || total
-------------------------+-------+-------++-------
Melee: Short sword       |   213 |   149 ||   362
 Fire: Hand crossbow     |    10 |    21 ||    31
  Use: Potion            |       |     1 ||     1
  Eat: Chunk             |     3 |     5 ||     8
Armor: Leather armour    |    25 |     7 ||    32
       Ring mail         |       |    28 ||    28
Dodge: Dodged            |   105 |    84 ||   189
